 Dungeon Crawl Stone Soup version 0.19-a0-944-gb338e1e (webtiles) character file.

106 retryentry the Skirmisher (level 4, -3/40 HPs)
             Began as a Demigod Fighter on July 8, 2016.
             Slain by a gnoll
             ... wielding a +0 halberd
              (14 damage)
             ... on level 3 of the Dungeon.
             The game lasted 00:03:58 (2104 turns).

retryentry the Skirmisher (Demigod Fighter)         Turns: 2104, Time: 00:03:58

Health: -3/40      AC:  6    Str: 19    XL:     4   Next: 30%
Magic:  6/6        EV:  7    Int: 12    God:
Gold:   111        SH:  9    Dex: 17    Spells: 0 memorised, 3 levels left

rFire  . . .     SeeInvis .     a - +0 long sword
rCold  . . .     Gourm    .     b - +0 scale mail
rNeg   . . .     Faith    .     c - +0 shield
rPois  .         Spirit   .     (no helmet)
rElec  .         Dismiss  .     (no cloak)
rCorr  .         Reflect  .     (no gloves)
SustAt +         Harm     .     (no boots)
MR     .....                    (no amulet)
Stlth  ..........               (no ring)
                                (no ring)

@: slowed, very slow, not resistant to hostile enchantments, extremely
unstealthy
A: high mp 1, sustain attributes
a: no special abilities


You were on level 3 of the Dungeon.
You were not hungry.

You visited 1 branch of the dungeon, and saw 3 of its levels.

You collected 111 gold pieces.

Inventory:

Hand Weapons
 a - a +0 long sword (weapon)
Armour
 b - a +0 scale mail (worn)
 c - a +0 shield (worn)
Scrolls
 e - a scroll of enchant armour {unknown}
 i - 5 scrolls of identify {unknown}
 l - a scroll of recharging {unknown}
 m - a scroll of immolation {unknown}
 n - a scroll of remove curse {unknown}
 o - 3 scrolls of teleportation {unknown}
 p - a scroll of random uselessness {unknown}
Potions
 d - 2 potions of might
 j - 2 potions of curing {unknown}
 q - a potion of magic {unknown}
Comestibles
 f - 3 bread rations
 g - a beef jerky
 h - 2 fruits
 k - a meat ration
 r - a chunk of flesh


   Skills:
 + Level 4.0 Fighting
 + Level 3.1 Long Blades
 - Level 2.6 Armour
 - Level 2.6 Shields


You had 3 spell levels left.
You didn't know any spells.

Dungeon Overview and Level Annotations

Branches:
Dungeon (3/15)

Annotations:
D:3 tstbtto's ghost, amateur HEFi


Innate Abilities, Weirdness & Mutations

You have an increased reservoir of magic. (+10% MP)
Your attributes are resistant to harm.


Message History

Press: ? - help, v - describe, . - travel, g - get item
Here: a goblin, wielding a dagger A spear.
The floor.
Unknown command.
You closely miss the goblin. The gnoll hits you but does no damage.
The goblin hits you but does no damage.
You closely miss the goblin. You block the goblin's attack.
The gnoll hits you from afar with a halberd!
The orc zaps a wand.
You feel yourself slow down.
It is a wand of slowing.
The orc zaps a wand.
You resist with some effort. The goblin closely misses you.
The orc zaps a wand.
You resist with some effort. The gnoll hits you but does no damage.
You block the goblin's attack.
The gnoll hits you from afar with a halberd!
* * * LOW HITPOINT WARNING * * *
You block the goblin's attack.
The gnoll hits you from afar with a halberd!
You die...

#######'#####..###.####
#####....).....# #.#
#..('..........###.#
#.###......)....##'########
#.###.........#............
#...'.........#......[.....
#####.........#............
######'#####.##'####### #.#
##@.#'##### ## #.#
#.........# #. # #####'##
#..gg.....# #. # #......#
#.........# . # #......#
#.........# # ####......#
#.....o...# # #<##......#
#.........# # #W##......#
#.........######### #
#.#......(#
####..>...)........


You could see a gnoll, an orc and a goblin.

Vanquished Creatures
  3 adders (D:3)
  A gnoll (D:3)
  A shadow imp (D:3)
  A worm (D:3)
  A dart slug (D:1)
  4 orcs (D:3)
  A giant cockroach (D:1)
  5 goblins
  10 hobgoblins
  3 jackals (D:3)
  6 kobolds
  5 bats
  5 giant newts
  7 rats
53 creatures vanquished.

Notes
Turn   | Place    | Note
-------+----------+-------------------------------------------
     0 | D:1      | retryentry the Demigod Fighter began the quest for the Orb.
     0 | D:1      | Reached XP level 1. HP: 18/18 MP: 3/3
   105 | D:1      | Reached skill level 3 in Fighting
   180 | D:1      | Reached XP level 2. HP: 20/26 MP: 4/4
   803 | D:2      | Reached XP level 3. HP: 31/31 MP: 5/5
  1160 | D:3      | Noticed tstbtto's ghost (amateur HEFi)
  1419 | D:3      | Reached XP level 4. HP: 40/40 MP: 6/6
  1661 | D:3      | Reached skill level 4 in Fighting
  2069 | D:3      | Found a snail-covered altar of Cheibriados.
  2104 | D:3      | Slain by a gnoll

Vault maps used:
D:1:      lemuel_arrival_muddy, hangedman_decor_diamond_cutter
D:2:      first_bread
D:3:      zin_purify, cheibriados_altar_wand_db

Skill      XL: |  1  2  3  4 |
---------------+-------------+-----
Fighting       | 3 4 |  4.0
Long Blades    | 2 3 |  3.1
Armour         | |  2.6
Shields        | |  2.6

Action                   |  1- 3 |  4- 6 || total
-------------------------+-------+-------++-------
Melee: Long sword        |   181 |    42 ||   223
  Eat: Chunk             |     2 |     2 ||     4
Armor: Scale mail        |    66 |    19 ||    85
Dodge: Dodged            |    56 |     7 ||    63
Block: Shield            |    81 |    17 ||    98
